 Dungeon Crawl Stone Soup version 0.31-a0-234-gad7ace16ef (webtiles) character file.

Game seed: 6198736081377395604

598 qw the Shooter (level 7, -11/60 HPs)
             Began as a Minotaur Hexslinger on July 9, 2023.
             Mangled by an ogre
             ... wielding a +0 giant spiked club
              (30 damage)
             ... on level 5 of the Dungeon.
             The game lasted 00:01:40 (3185 turns).

qw the Shooter (Minotaur Hexslinger)                Turns: 3185, Time: 00:01:41

Health: -11/60     AC:  5    Str: 12    XL:     7   Next: 17%
Magic:  7/7        EV: 11    Int: 10    God:
Gold:   367        SH:  0    Dex: 15    Spells: 7/8 levels left

rFire   . . .        f - +1 longbow
rCold   . . .        (shield currently unavailable)
rNeg    . . .        o - +0 ring mail
rPois   .            (helmet restricted)
rElec   .            (no cloak)
rCorr   .            (no gloves)
SInv    .            (no boots)
Will    .....        b - amulet "Icwak" {Regen+ Slay+2}
Stlth   +            (no ring)
HPRegen 1.10/turn    (no ring)
MPRegen 0.10/turn

%: no passive effects
@: no status effects
A: horns 2, retaliatory headbutt, fangs 1
a: no special abilities


You were on level 5 of the Dungeon.
You visited 1 branch of the dungeon, and saw 5 of its levels.
You also visited: Sewer and Ossuary.

You collected 367 gold pieces.


Innate Abilities, Weirdness & Mutations

You have a pair of horns on your head.
You reflexively headbutt those who attack you in melee.
You have very sharp teeth.


   Skills:
 - Level 4.5 Fighting
 + Level 7.6 Ranged Weapons
 - Level 1.0 Armour
 - Level 2.1 Dodging
 - Level 1.0 Spellcasting
 - Level 2.0 Hexes


You had 7 spell levels left.
You knew the following spells:

 Your Spells              Type           Power      Damage    Failure   Level
a - Slow                  Hex            16%        N/A       34%         1

Your spell library contained the following spells:

 Spells                   Type           Power      Damage    Failure   Level
 Inner Flame              Hex/Fire       2%         N/A       83%         3
 Portal Projectile        Hex/Tloc       4%         N/A       83%         3
 Cause Fear               Hex            2%         N/A       98%         4

Inventory:

Hand Weapons
 f - a +1 longbow (weapon)
Armour
 o - a +0 ring mail (worn)
Jewellery
 b - the amulet "Icwak" (around neck) {Regen+ Slay+2}
   (You found it on level 2 of the Dungeon)

   [amulet of regeneration]

   Slay:      It affects your accuracy & damage with ranged weapons and melee
   (+2).
   Regen:     It increases your rate of health regeneration.
 h - a ring of ice
 j - a ring of protection from fire
Scrolls
 c - 2 scrolls of identify
 g - a scroll of silence {unknown}
 m - a scroll of enchant armour
Potions
 a - a potion of resistance {unknown}
 d - a potion of berserk rage {unknown}
 e - 2 potions of curing
 i - a potion of cancellation {unknown}
 k - a potion of haste
 l - 2 potions of mutation
 n - a potion of heal wounds
 p - a potion of might

Dungeon Overview and Level Annotations

Branches:
Dungeon (5/15)              Sewer (visited)         Ossuary (visited)
 Temple: D:4-7

Altars:
Elyvilon
Ru
Wu Jian


Message History

The orc moves out of view.
You shoot an arrow. The arrow hits the orc!!
You kill the orc!
An orc comes into view. It is wielding a +0 flail.
You shoot an arrow. The orc shouts!
The arrow hits the orc!!
You kill the orc!
You shoot an arrow. The orc shouts!
The arrow hits the orc.
You kill the orc!
You now have 356 gold pieces (gained 16).
Things that are here:
a +0 club; a +0 hand axe; an orc corpse
Found a stone staircase leading down.
Enter note:
q - a scroll of enchant weapon
Enter note:
3155 ||| READING scroll of enchant weapon.
As you read the scroll of enchant weapon, it crumbles to dust.
Your +0 longbow glows red for a moment.
3155 ||| ENCHANTING +0 longbow.
You now have 367 gold pieces (gained 11).
An ogre comes into view. It is wielding a +0 giant spiked club.
Found a flail.
The ogre shouts!
Enter note: You shoot an arrow.
The arrow completely misses the ogre.
The ogre hits you with a +0 giant spiked club!
You shoot an arrow. The arrow hits the ogre.
The ogre is lightly wounded.
The ogre hits you with a +0 giant spiked club!!
You shoot an arrow. The arrow hits the ogre.
The ogre is moderately wounded.
The ogre hits you with a +0 giant spiked club!!
3185 ||| DRINKING 2 potions of heal wounds.
You feel much better.
The ogre hits you with a +0 giant spiked club!!
Ouch! That really hurt!
You die...

...#......###
...)....).)># .#
...#..#...).# .#
.......####.#####.#
................#.#
....#######.###.#)#
................#.#
##.########.#####O#
................@.#
##%########.#######
##'### #.# .....#
#.# .....# #.#
.....# #.# .....#
#.#
.....######+####
...............#


You could see an ogre.

Vanquished Creatures
  A scorpion (D:4)
  4 hounds
  5 iguanas
  9 gnolls
  9 adders
  A river rat (Sewer)
  A shadow imp (D:5)
  3 worms (D:2)
  6 orcs (D:5)
  10 endoplasms
  A giant cockroach (D:3)
  5 goblins
  2 hobgoblins
  A jackal (D:2)
  4 quokkas
  7 ball pythons
  5 bats
  11 frilled lizards
  6 hobgoblin zombies (Ossuary)
  5 kobolds
  10 kobold zombies (Ossuary)
  4 orc zombies (Ossuary)
  11 rats
121 creatures vanquished.

Notes
Turn   | Place    | Note
-------+----------+-------------------------------------------
     0 | D:1      | qw the Minotaur Hexslinger began the quest for the Orb.
     0 | D:1      | Reached XP level 1. HP: 16/16 MP: 1/1
     0 | D:1      | 0 ||| qw: Version: 0.3-a-51-g015441d
     0 | D:1      | 0 ||| qw: Game counter: 4205
     0 | D:1      | 0 ||| qw: Melee chars always use a shield: true
     0 | D:1      | 0 ||| qw: God list: Okawaru
     0 | D:1      | 0 ||| qw: Allow faded altars: false
     0 | D:1      | 0 ||| qw: Do Orc after clearing Dungeon:15 true
     0 | D:1      | 0 ||| qw: Do second Lair branch before Depths: true
     0 | D:1      | 0 ||| qw: Lair rune preference: random
     0 | D:1      | 0 ||| qw: Goals: Normal
     0 | D:1      | 0 ||| PLANNING D:1-11
   112 | D:1      | Reached skill level 3 in Ranged Weapons
   115 | D:1      | Reached XP level 2. HP: 23/23 MP: 2/2
   477 | D:1      | 477 ||| UPGRADING to amulet of reflection.
   482 | D:1      | 482 ||| READING scroll labelled COCERY XOPPUDD.
   483 | D:1      | 483 ||| READING 3 scrolls labelled JEPHER KYUBRY.
   484 | D:1      | 484 ||| DRINKING 2 coppery potions.
   485 | D:1      | 485 ||| DRINKING 2 murky amethyst potions.
   485 | D:1      | Gained mutation: You have very sharp teeth. [potion of
                  | mutation]
   486 | D:1      | 486 ||| DROPPING scroll of poison.
   487 | D:1      | 487 ||| DROPPING 2 scrolls of noise.
   519 | D:2      | Identified the amulet "Icwak" {Regen+ Slay+2}
   531 | D:2      | Reached XP level 3. HP: 29/29 MP: 3/3
   554 | D:2      | Found a faded altar of an unknown god.
   587 | D:2      | 587 ||| SWAPPING to +0 shortbow.
   592 | D:2      | 592 ||| DROPPING +1 sling.
   776 | D:2      | Reached skill level 4 in Ranged Weapons
  1056 | D:2      | 1056 ||| UPGRADING to +0 ring mail.
  1066 | D:2      | 1066 ||| DROPPING +0 robe.
  1067 | D:2      | 1067 ||| UPGRADING to amulet "Icwak" {Regen+ Slay+2}.
  1077 | D:2      | 1077 ||| DROPPING amulet of reflection.
  1078 | D:2      | 1078 ||| READING 2 scrolls labelled KEER RUONIASTRI.
  1079 | D:2      | 1079 ||| READING scroll labelled RISTRE NOF XIU.
  1080 | D:2      | 1080 ||| READING scroll labelled DYJIXKI NUKO.
  1081 | D:2      | 1081 ||| READING scroll labelled NILIMN QOEQU.
  1085 | D:2      | 1085 ||| DRINKING 2 yellow potions.
  1086 | D:2      | 1086 ||| DRINKING 2 ruby potions.
  1087 | D:2      | 1087 ||| DRINKING 2 red potions.
  1088 | D:2      | 1088 ||| DROPPING potion of attraction.
  1117 | D:3      | Found a glowing drain.
  1118 | D:3      | 1118 ||| PLANNING SEWER
  1118 | D:3      | 1118 ||| STAIRDANCE
  1122 | D:3      | 1122 ||| STAIRDANCE
  1126 | D:3      | 1126 ||| STAIRDANCE
  1138 | D:2      | Reached skill level 1 in Armour
  1155 | Sewer    | Entered a sewer
  1158 | Sewer    | 1158 ||| Stepping ~*~*~tactically~*~*~ (water).
  1176 | Sewer    | 1176 ||| Stepping ~*~*~tactically~*~*~ (water).
  1180 | Sewer    | Reached XP level 4. HP: 36/36 MP: 4/4
  1243 | Sewer    | 1243 ||| Stepping ~*~*~tactically~*~*~ (water).
  1245 | Sewer    | 1245 ||| Stepping ~*~*~tactically~*~*~ (water).
  1253 | Sewer    | 1253 ||| Stepping ~*~*~tactically~*~*~ (water).
  1327 | Sewer    | Reached skill level 5 in Ranged Weapons
  1470 | Sewer    | 1470 ||| READING scroll of enchant weapon.
  1470 | Sewer    | 1470 ||| ENCHANTING +1 shortbow.
  1473 | Sewer    | 1473 ||| READING scroll labelled RAYLAGRUWKI.
  1474 | Sewer    | 1474 ||| READING 2 scrolls labelled UCAPLE GOMURU.
  1475 | Sewer    | 1475 ||| READING scroll labelled RYVORUECUY.
  1476 | Sewer    | 1476 ||| DROPPING scroll of fog.
  1522 | D:3      | 1522 ||| PLANNING D:1-11
  1743 | D:3      | 1743 ||| READING scroll of enchant weapon.
  1743 | D:3      | 1743 ||| ENCHANTING +2 shortbow.
  1919 | D:3      | Found a white marble altar of Elyvilon.
  2069 | D:3      | 2069 ||| DRINKING 2 fizzy dark potions.
  2099 | D:3      | 2099 ||| DROPPING potion of lignification.
  2102 | D:4      | 2102 ||| PLANNING OSSUARY
  2133 | D:4      | Reached XP level 5. HP: 40/44 MP: 5/5
  2138 | D:4      | HP: 10/44 [gnoll/+0 spear (8)]
  2139 | D:4      | Reached skill level 3 in Fighting
  2139 | D:4      | 2139 ||| READING scroll of teleportation.
  2140 | D:4      | 2140 ||| DRINKING 2 potions of heal wounds.
  2166 | D:4      | Found a sacrificial altar of Ru.
  2247 | D:4      | Reached skill level 6 in Ranged Weapons
  2320 | D:4      | Reached XP level 6. HP: 52/52 MP: 6/6
  2327 | D:4      | Found an ornate altar of the Wu Jian Council.
  2383 | D:4      | 2383 ||| READING scroll labelled RYWINO VUCUTZ.
  2384 | D:4      | 2384 ||| DRINKING 2 white potions.
  2676 | D:4      | 2676 ||| SWAPPING to +0 longbow.
  2677 | D:4      | 2677 ||| DROPPING +3 shortbow.
  2713 | D:4      | Found a sand-covered staircase.
  2717 | Ossuary  | Entered an ossuary
  2812 | D:4      | 2812 ||| PLANNING D:1-11
  2956 | D:5      | Entered Level 5 of the Dungeon
  3037 | D:5      | Reached skill level 7 in Ranged Weapons
  3075 | D:5      | Reached XP level 7. HP: 60/60 MP: 7/7
  3155 | D:5      | 3155 ||| READING scroll of enchant weapon.
  3155 | D:5      | 3155 ||| ENCHANTING +0 longbow.
  3184 | D:5      | HP: 5/60 [ogre/+0 giant spiked club (25)]
  3185 | D:5      | 3185 ||| DRINKING 2 potions of heal wounds.
  3185 | D:5      | Mangled by an ogre

Levels and vault maps discovered:
D:1:      mainiacjoe_arrival_reflecting_pool, layout_rooms,
          minmay_parallelograms, minivault_19
D:2:      layout_basic, ebering_ecumenical_altar_box, minmay_hexomino_c4
D:3:      layout_basic, mainiacjoe_overflow_six_doors_small,
          portal_sewer_entry_a, kennysheep_generic_room_2
D:4:      layout_gridville, lemuel_doored_altar, nicolae_ru_awakened_eye,
          serial_glass, glass_columns_a, glass_columns_a, glass_columns_a,
          glass_columns_b, glass_columns_c, glass_columns_a,
          nicolae_ossuary_entry_plus
D:5:      layout_basic, mainiacjoe_overflow_surrounded_room, bloody_trog

Skill      XL: |  1  2  3  4  5  6 |
---------------+-------------------+-----
Ranged Weapons | 3 4 5 6 7 |  7.6
Fighting       | 2 3 4 |  4.5
Armour         | 1 |  1.0
Dodging        | |  2.1
Spellcasting   | |  1.0
Hexes          | |  2.0

Action                     |  1- 3 |  4- 6 |  7- 9 || total
---------------------------+-------+-------+-------++-------
   Fire: Sling             |    54 |       |       ||    54
         Shortbow          |    43 |   128 |       ||   171
         Longbow           |       |    75 |    27 ||   102
    Use: Scroll            |     6 |     7 |     1 ||    14
         Potion            |     5 |     3 |     1 ||     9
 Armour: Ring mail         |    13 |    34 |     1 ||    48
  Dodge: Dodged            |    32 |    69 |     9 ||   110
  Block: Other             |     1 |       |       ||     1

Table legend:
 A = Non-vault XP
 B = Vault XP
 C = Vault XP percentage of total XP
 D = Non-vault monster count
 E = Vault monster count
 F = Vault count percentage of total count
                 A         B        C        D         E       F
            +---------+---------+-------+---------+---------+-------
      Total |     739 |     116 |  13.6 |      75 |      46 |  38.0
            +---------+---------+-------+---------+---------+-------
        D:1 |      40 |       0 |   0.0 |      18 |       0 |   0.0
        D:2 |      23 |      22 |  48.9 |      11 |       5 |  31.2
        D:3 |       7 |       8 |  53.3 |       5 |       5 |  50.0
        D:4 |     424 |       0 |   0.0 |      27 |       0 |   0.0
        D:5 |     245 |       0 |   0.0 |      14 |       0 |   0.0
      Sewer |       0 |      66 | 100.0 |       0 |      16 | 100.0
    Ossuary |       0 |      20 | 100.0 |       0 |      20 | 100.0
            +---------+---------+-------+---------+---------+-------
